AoeStats
← Dobby

Arabia

510078425Analyzed
2v2 RM · 3d ago on Sep 29, 2026· 23m 56s· 4 players
Game mode
Random Map
Map size
Medium (4 player)
Population
200
Speed
Normal
Resources
Standard
Victory
Conquest
Starting age
Dark Age
Ending age
Imperial Age
RankedLock teamsTeams togetherTeam positionsShared explorationLock speedFull tech treeHidden civsTurbo modeCheats
Victory
Defeat
🇪🇸 Vietnamese · Spain
1443
+13
🇪🇸 Hindustanis · Spain
1323
+18
🇮🇳 Maya · India
1394
-16
🇮🇳 Cumans · India
1361
-15
Dobby
0:26 Loom
8:57 Feudal Age
9:40 Double-Bit Axe
11:56 Wheelbarrow
13:53 Fletching
22:49 Castle Age
21:43 Padded Archer Armor
23:34 Bodkin Arrow
23:00 Crossbowman
Comrades of Kankidiot
5:54 Loom
9:17 Feudal Age
22:10 Castle Age
21:51 Bloodlines
21:47 Horse Collar
alvarmartinez12
6:47 Loom
9:17 Feudal Age
9:46 Double-Bit Axe
15:43 Scale Barding Armor
15:55 Forging
17:32 Wheelbarrow
22:00 Castle Age
21:48 Scale Barding Armor
21:58 Bloodlines
23:08 Chain Barding Armor
22:19 Light Cavalry
23:00 Husbandry
ARipoll
6:42 Loom
9:21 Feudal Age
9:54 Man-at-Arms
12:31 Double-Bit Axe
14:40 Fletching
16:07 Padded Archer Armor
22:39 Castle Age
20:53 Gold Mining
20:46 Horse Collar
23:17 Bodkin Arrow
22:46 Elite Skirmisher
23:54 Bow Saw
24:10 Leather Archer Armor
Connection lost

Rejoining the realm…

Still unreachable

The connection could not be restored.

Session expired

The server has moved on; the page needs a fresh start.